AoeStats
← Slopus

MegaRandom

504469636Analyzed
1v1 RM · 26d ago on Sep 5, 2026· 27m 57s· 2 players
Game mode
Random Map
Map size
Tiny (2 player)
Population
200
Speed
Normal
Resources
Standard
Victory
Conquest
Starting age
Dark Age
Ending age
Imperial Age
RankedLock teamsTeams togetherTeam positionsShared explorationLock speedFull tech treeHidden civsTurbo modeCheats
Victory
Defeat
🇦🇷 Mongols · Argentina
1103
+15
🇰🇿 Persians · Kazakhstan
1074
-30
Slopus
5:46 Loom
11:43 Feudal Age
12:06 Double-Bit Axe
12:06 Horse Collar
19:28 Castle Age
17:52 Fletching
20:46 Padded Archer Armor
22:10 Wheelbarrow
23:00 Gold Mining
25:36 Town Watch
26:08 Hand Cart
mavrichess
8:41 Loom
10:27 Feudal Age
11:33 Double-Bit Axe
11:30 Horse Collar
13:44 Town Watch
17:35 Castle Age
19:23 Fletching
19:36 Padded Archer Armor
20:47 Bodkin Arrow
21:08 Leather Archer Armor
22:07 Bow Saw
25:55 Leather Archer Armor
27:08 Ballistics
Connection lost

Rejoining the realm…

Still unreachable

The connection could not be restored.

Session expired

The server has moved on; the page needs a fresh start.